 Dungeon Crawl Stone Soup version 0.17-a0-1646-geb1493d (webtiles) character file.

3007 karlkraus the Blocker (level 9, -3/79 HPs)
             Began as a Minotaur Fighter on Aug 9, 2015.
             Was a Believer of Qazlal.
             Killed from afar by Erica (22 damage)
             ... with a wand of draining
             ... on level 9 of the Dungeon.
             The game lasted 00:15:29 (6685 turns).

karlkraus the Blocker (Minotaur Fighter)            Turns: 6685, Time: 00:15:29

Health: -3/79      AC: 20    Str: 20    XL:     9   Next: 54%
Magic:  8/8        EV:  6    Int:  5    God:    Qazlal [**....]
Gold:   830        SH: 15    Dex: 16    Spells: 0 memorised, 8 levels left

rFire  + . .     SeeInvis .     a - +0 flail
rCold  . . .     Clarity  +     B - +0 plate armour
rNeg   . . .     SustAt   .     c - +0 shield
rPois  .         Gourm    .     (helmet restricted)
rElec  .         Spirit   .     E - +2 cloak
rCorr  .         Warding  .     (no gloves)
rMut   .         Stasis   .     (no boots)
MR     .....                    n - amulet of clarity
Stlth  ..........               (no ring)
                                y - ring of protection from fire

@: slowed, heavily drained, very slow, not resistant to hostile enchantments,
extremely unstealthy
A: retaliatory headbutt, horns 2, icy blue scales 1, large bone plates 1, agile
1, clarity, deterioration 1, sense surroundings 1, shaggy fur 1
a: Upheaval, Renounce Religion


You were on level 9 of the Dungeon.
You worshipped Qazlal.
Qazlal was pleased with you.
You were near starving.

You visited 2 branches of the dungeon, and saw 10 of its levels.
You also visited: Ossuary.

You collected 830 gold pieces.

Inventory:

Hand weapons
 a - a +0 flail (weapon)
Armour
 c - a +0 shield (worn)
 B - a +0 plate armour (worn)
 E - a +2 cloak (worn)
Jewellery
 n - an amulet of clarity (around neck)
 y - a ring of protection from fire (left hand)
 M - a cursed -4 ring of evasion {unknown}
Magical devices
 G - a wand of cold (5)
 H - a wand of enslavement (11)
 I - a wand of hasting (4)
Scrolls
 b - a scroll of recharging {unknown}
 d - 5 scrolls of identify
 f - 8 scrolls of teleportation
 h - 3 scrolls of noise {unknown}
 k - 3 scrolls of amnesia {unknown}
 q - 3 scrolls of remove curse
 x - a scroll of magic mapping {unknown}
 F - a scroll of enchant weapon {unknown}
Potions
 i - a potion of cancellation
 j - a potion of cure mutation
 l - 5 potions of flight
 p - 2 potions of might
 s - a potion of lignification
 t - 3 potions of curing
 u - a potion of agility {unknown}
 w - 2 potions of haste {unknown}
 A - a potion of ambrosia {unknown}
 C - a potion of heal wounds
 J - a potion of magic {unknown}
 K - a potion of brilliance {unknown}
Books
 v - a book of Battle

   Spells                             Type                      Level
   a - Infusion                       Charms                       1
   b - Shroud of Golubria             Charms/Translocation         2
   c - Song of Slaying                Charms                       2
   d - Spectral Weapon                Hexes/Charms                 3
   e - Regeneration                   Charms/Necromancy            3
 D - a book of Annihilations

   Spells                             Type                      Level
   a - Poison Arrow                   Conjuration/Poison           6
   b - Chain Lightning                Conjuration/Air              8
   c - Lehudib's Crystal Spear        Conjuration/Earth            8
   d - Glaciate                       Conjuration/Ice              9
   e - Fire Storm                     Conjuration/Fire             9
 L - a book of the Tempests

   Spells                             Type                      Level
   a - Static Discharge               Conjuration/Air              3
   b - Lightning Bolt                 Conjuration/Air              5
   c - Fireball                       Conjuration/Fire             5
   d - Tornado                        Air                          9
   e - Shatter                        Earth                        9
 N - a book of Frost

   Spells                             Type                      Level
   a - Freeze                         Ice                          1
   b - Throw Frost                    Conjuration/Ice              2
   c - Ozocubu's Armour               Charms/Ice                   3
   d - Throw Icicle                   Conjuration/Ice              4
   e - Summon Ice Beast               Ice/Summoning                4
   f - Condensation Shield            Ice                          4
Comestibles
 e - 7 bread rations
 g - 5 beef jerkies
 m - 4 slices of pizza
 o - a royal jelly
 r - 3 meat rations
 z - 9 fruits


   Skills:
 + Level 7.0(4.9) Fighting
 + Level 7.8(5.7) Maces & Flails
 + Level 8.3(6.1) Armour
 + Level 5.7(3.6) Dodging
 + Level 1.0(0.0) Stealth
 + Level 8.7(6.4) Shields


You had 8 spell levels left.
You didn't know any spells.

Dungeon Overview and Level Annotations

Branches:
Dungeon (9/15)             Temple (1/1) D:4
   Lair: D:8-11         Orc: D:9-12

Altars:
Ashenzari
Cheibriados
Dithmenos
Elyvilon
Fedhas
Gozag
Kikubaaqudgha
Nemelex Xobeh
Okawaru
Qazlal
Ru
Sif Muna
Vehumet
Yredelemnul
Zin
The Shining One

Annotations:
D:9 Erica


Innate Abilities, Weirdness & Mutations

You reflexively headbutt those who attack you in melee.
You have a pair of horns on your head.
You are partially covered in icy blue scales (AC +1).
You are partially covered in large bone plates (AC +2, SH +2).
You are agile. (Dex +2)
You possess an exceptional clarity of mind.
Your body sometimes deteriorates upon taking damage.
You passively map a small area around you.
You are covered in fur (AC +1).


Message History

An orb of energy appears from out of thin air!
The orb of energy hits you!
The orb of energy explodes!
You miss something. You headbutt something.
Something hits you but does no damage.
You miss something.
You hear a zap.
A bolt of negative energy appears from out of thin air!
The bolt of negative energy hits you!
You feel drained.
You closely miss something. You headbutt something.
You hear some strange, mumbled words.
You feel yourself slow down.
You miss something. Your headbutt misses something.
You hear a zap.
A bolt of negative energy appears from out of thin air!
The bolt of negative energy hits you!
You feel drained.
* * * LOW HITPOINT WARNING * * *
You hear a zap.
A bolt of negative energy appears from out of thin air!
The bolt of negative energy hits you!
You feel drained.
You die...

* ,* , * * , , *
#.#.# #.#...#.
....## #.#....
*#.....# ###.....###
....... .........#
#O.....#
,###...>...#
........,
#.........#####.
#.....# *
#...............
.)....# #...{@....#*
* ..#..##
###.§.§##.# ..#..#
#....##.# .....#####
#....##.# ......(..#
#.#.###.############
..#..###.####..#.#
#.............
..#.............)#
##############
.....###.####.####
.######...###


There were no monsters in sight!

Vanquished Creatures
  Joseph (D:7)
  Grinder (D:3)
  Menkaure (D:7)
  A water moccasin (D:7)
  2 sky beasts (D:5)
  An orc warrior (D:6)
  A phantom (D:7)
  The ghost of Chiseanne the Skirmisher, an average DsFi (D:3)
  A centaur (D:4)
  3 ogres
  3 giant frogs
  2 scorpions (D:6)
  A wyvern skeleton (D:7)
  4 crimson imps
  3 centaur zombies
  A hound (D:8)
  Crazy Yiuf (D:2)
  A centaur skeleton (D:4)
  2 iguanas
  An orc priest (D:6)
  A human zombie (Ossuary)
  2 jellies (D:5)
  2 orc wizards (D:3)
  Terence (D:3)
  6 worker ants
  2 big kobold zombies (Ossuary)
  A killer bee zombie (D:8)
  A hound skeleton (D:7)
  2 mummies (Ossuary)
  A worker ant zombie (D:7)
  12 adders
  4 gnolls (D:4)
  A shadow imp (D:6)
  2 oozes
  A worm zombie (D:7)
  4 worms
  3 giant geckos (D:1)
  11 orcs
  8 bats
  8 giant cockroaches
  3 gnoll zombies (Ossuary)
  14 goblins
  2 hobgoblins
  13 jackals
  A ball python (D:3)
  A ball python skeleton (D:4)
  A giant gecko skeleton (D:8)
  9 giant newts
  2 goblin zombies (Ossuary)
  4 hobgoblin zombies (Ossuary)
  A jackal zombie (D:7)
  11 kobolds
  An orc zombie (Ossuary)
  A quokka (D:7)
  A quokka zombie (D:6)
  10 rats
  A fungus (D:2)
181 creatures vanquished.

Notes
Turn   | Place    | Note
--------------------------------------------------------------
     0 | D:1      | karlkraus the Minotaur Fighter began the quest for the Orb.
     0 | D:1      | Reached XP level 1. HP: 19/19 MP: 0/0
   200 | D:1      | Reached XP level 2. HP: 13/27 MP: 1/1
   238 | D:1      | Reached skill level 4 in Armour
   510 | D:1      | Reached skill level 1 in Dodging
   637 | D:1      | Reached XP level 3. HP: 25/33 MP: 2/2
  1249 | D:2      | Found a basalt altar of Yredelemnul.
  1456 | D:2      | Found an opulent altar of Gozag.
  1570 | D:2      | Reached XP level 4. HP: 40/40 MP: 3/3
  1615 | D:2      | Noticed Crazy Yiuf
  1619 | D:2      | Killed Crazy Yiuf
  1671 | D:3      | Noticed Chiseanne's ghost (average DsFi)
  1676 | D:3      | Killed Chiseanne's ghost
  1676 | D:3      | Reached skill level 5 in Armour
  1676 | D:3      | Reached XP level 5. HP: 34/46 MP: 4/4
  1906 | D:3      | Reached XP level 6. HP: 11/53 MP: 5/5
  2288 | D:3      | Noticed Grinder
  2299 | D:3      | Killed Grinder
  2299 | D:3      | Reached skill level 5 in Fighting
  2299 | D:3      | Reached skill level 5 in Shields
  2305 | D:3      | Found a shattered altar of Ashenzari.
  2309 | D:3      | Gained mutation: You passively map a small area around you. [potion of mutation]
  2309 | D:3      | Gained mutation: You are partially covered in large bone plates (AC +2, SH +2). [potion of mutation]
  2309 | D:3      | Gained mutation: You are agile. (Dex +2) [potion of mutation]
  2311 | D:3      | Noticed Terence
  2326 | D:3      | Killed Terence
  2326 | D:3      | Reached skill level 6 in Armour
  2326 | D:3      | Reached XP level 7. HP: 14/61 MP: 6/6
  2720 | D:3      | Noticed a giant frog
  2726 | D:3      | Killed a giant frog
  2854 | D:4      | Found a glowing silver altar of Zin.
  2986 | D:4      | Found a snail-covered altar of Cheibriados.
  3074 | D:4      | Found a staircase to the Ecumenical Temple.
  3598 | Temple   | Entered the Ecumenical Temple
  3616 | Temple   | Became a worshipper of Qazlal Stormbringer
  3689 | D:5      | Entered Level 5 of the Dungeon
  3737 | D:5      | Found a shadowy altar of Dithmenos.
  3773 | D:5      | Reached skill level 5 in Maces & Flails
  3773 | D:5      | Reached XP level 8. HP: 50/68 MP: 7/7
  4070 | D:5      | Reached skill level 7 in Armour
  4351 | D:5      | Reached skill level 5 in Dodging
  4357 | D:5      | Gained mutation: You possess an exceptional clarity of mind. [mutagenic meat]
  4358 | D:5      | Gained mutation: You are partially covered in icy blue scales (AC +1). [mutagenic meat]
  4393 | D:6      | Found an ancient bone altar of Kikubaaqudgha.
  4413 | D:6      | HP: 2/70 [poison (a potion of poison)]
  4433 | D:6      | Acquired Qazlal's first power
  4735 | D:6      | Gained mutation: Your body sometimes deteriorates upon taking damage. [potion of mutation]
  4735 | D:6      | Gained mutation: You are covered in fur (AC +1). [potion of mutation]
  4772 | D:6      | Found a blossoming altar of Fedhas.
  4892 | D:6      | Found a glowing golden altar of the Shining One.
  4989 | D:6      | Found a radiant altar of Vehumet.
  4992 | D:6      | Found a deep blue altar of Sif Muna.
  4995 | D:6      | Found an iron altar of Okawaru.
  5174 | D:7      | Noticed Joseph
  5192 | D:7      | Killed Joseph
  5192 | D:7      | Reached skill level 1 in Stealth
  5192 | D:7      | Reached XP level 9. HP: 69/78 MP: 8/8
  5195 | D:7      | Reached skill level 8 in Armour
  5217 | D:7      | Found a sand-covered staircase.
  5276 | Ossuary  | Entered an ossuary
  5514 | D:7      | Noticed Menkaure
  5522 | D:7      | Killed Menkaure
  6129 | D:8      | Acquired Qazlal's second power
  6168 | D:8      | Found a white marble altar of Elyvilon.
  6674 | D:9      | Noticed Erica
  6685 | D:9      | Killed from afar by Erica

Vault maps used:
D:1:      nagdon_arrival_double_spiral
D:2:      yredelemnul_altar_generic, kennysheep_nondescript,
          nicolae_gozag_cash_rules_everything_around_me, uniq_crazy_yiuf_cottage
D:3:      nicolae_ashenzari_panopticon, minmay_misc_feat_enclosed,
          minmay_close_crescents, uniq_grinder, uniq_terence
D:4:      zin_academy, cheibriados_altar_1, temple_statues, first_bread
D:5:      nicolae_dithmenos_the_darkroom
D:6:      old_standard_altar, kennysheep_mini, grunt_temple_overflow_diamond,
          tso_altar
D:7:      enter_ossuary_3, grunt_ministairs_5, uniq_menkaure, uniq_joseph
D:8:      old_standard_altar, uniq_erica
D:9:      kennysheep_little_box, makhleb_heckhound_becter, lair_0_dummy,
          hangedman_tree_tricks
Temple:   circular_temple_6
Ossuary:  minmay_ossuary_gauntlet

Action                   |  1- 3 |  4- 6 |  7- 9 || total
-------------------------+-------+-------+-------++-------
Melee: Flail             |   129 |   124 |   391 ||   644
  Use: Potion            |       |     2 |     6 ||     8
       Scroll            |       |     7 |     3 ||    10
  Eat: Chunk             |     2 |     3 |    13 ||    18
       Fruit             |       |       |     2 ||     2
